 Dungeon Crawl Stone Soup version 0.31.0-11-ge490571c62 (webtiles) character file.

Game seed: 885492043499418465

81 qw the Shooter (level 4, 0/22 HPs)
             Began as a Spriggan Hunter on Feb 5, 2024.
             Slain by a goblin
             ... wielding a +2 dagger of protection
             ... led by Robin
              (1 damage)
             ... on level 3 of the Dungeon.
             The game lasted 00:00:36 (1748 turns).

qw the Shooter (Spriggan Hunter)                    Turns: 1748, Time: 00:00:37

Health: 0/22       AC:  2    Str:  7    XL:     4   Next: 19%
Magic:  5/5        EV: 19    Int: 10    God:
Gold:   149        SH:  0    Dex: 20    Spells: 3/3 levels left

rFire   . . .        a - +1 shortbow
rCold   . . .        (shield currently unavailable)
rNeg    . . .        c - +0 robe
rPois   .            (helmet restricted)
rElec   .            (no cloak)
rCorr   .            (gloves unavailable)
SInv    +            (boots unavailable)
Will    .....        (no amulet)
Stlth   ++           (no ring)
HPRegen 0.23/turn    (no ring)
MPRegen 0.09/turn

%: no passive effects
@: very quick
A: very small, no large weapons, unfitting armour, see invisible, speed 3
a: no special abilities


You were on level 3 of the Dungeon.
You visited 1 branch of the dungeon, and saw 3 of its levels.

You collected 149 gold pieces.


Innate Abilities, Weirdness & Mutations

You are very small and have problems with some larger weapons.
You are too small for most types of armour.
You have supernaturally acute eyesight. (SInv)
You cover ground extremely quickly. (Speed+++)


   Skills:
 - Level 1.5 Fighting
 - Level 5.0 Ranged Weapons
 + Level 4.5 Dodging
 - Level 1.5 Stealth


You had 3 spell levels left.
You didn't know any spells.
Your spell library was empty.

Inventory:

Hand Weapons
 a - a +1 shortbow (weapon)
Armour
 c - a +0 robe (worn)
Potions
 d - a potion of mutation
 e - a potion of lignification {unknown}
 f - a potion of curing {unknown}

Dungeon Overview and Level Annotations

Branches:
Dungeon (3/15)

Altars:

Annotations:
D:3 1 runed translucent door, Crazy Yiuf, Robin


Message History

Robin throws the goblin at you!
You shoot an arrow. The arrow hits the hobgoblin.
You kill the hobgoblin!
The goblin misses you.
You shoot an arrow. The arrow hits the hobgoblin.
The hobgoblin is almost dead.
The goblin no longer looks unusually strong.
The hobgoblin no longer looks unusually strong.
The hobgoblin hits you. The goblin misses you.
Robin roars a battlecry!
The hobgoblins go into a battle-frenzy!
You shoot an arrow. The arrow hits the hobgoblin!
You kill the hobgoblin!
The goblin hits you but does no damage.
You shoot an arrow. The arrow closely misses the goblin.
The goblin no longer looks unusually strong.
The goblin completely misses you. x2
You shoot an arrow. The arrow hits the goblin!
You kill the goblin!
The goblin hits you with a +0 dagger. The goblin misses you.
Robin roars a battlecry!
The goblin goes into a battle-frenzy!
You shoot an arrow. The arrow closely misses the goblin.
The arrow hits the hobgoblin!
You kill the hobgoblin!
The goblin no longer looks unusually strong.
The goblin hits you with a +0 dagger.
You shoot an arrow. The arrow closely misses the goblin.
The arrow misses the goblin.
The goblin hits you with a +0 dagger.
You shoot an arrow. The arrow closely misses the goblin.
The arrow misses the goblin.
The goblin barely misses you. Robin throws the goblin at you!
You shoot an arrow.
The arrow hits the goblin but does no damage.
The goblin misses you. The goblin closely misses you.
You shoot an arrow. The arrow hits the goblin.
The goblin is moderately wounded.
The goblin hits you with a +2 dagger of protection.
You die...

7....7 +....... #....#
#.####.# #....# #.# #.#
# #...##+##.# #.# #.
##..##.##.# #.# #..
##.##.##.####.# #...
##.##.##.#..%..
#....####...)....#.##..
#...gg@g...........##..
#...g####.....#....##..
###.# #######.##.##:.
#.# #.##.##.. #.#
#........ #.#
######.#### #.#
#......# ######.#####
#.###### #..........#
#.#


You could see Robin and 3 goblins.

Vanquished Creatures
  2 adders
  2 dart slugs (D:1)
  A ribbon worm (D:2)
  2 orcs (D:3)
  6 ball pythons
  4 endoplasms
  3 giant cockroaches
  9 goblins
  8 hobgoblins
  2 jackals (D:2)
  2 quokkas
  3 frilled lizards
  3 kobolds (D:1)
  2 rats
49 creatures vanquished.

Notes
Turn   | Place    | Note
-------+----------+-------------------------------------------
     0 | D:1      | qw the Spriggan Hunter began the quest for the Orb.
     0 | D:1      | Reached XP level 1. HP: 10/10 MP: 2/2
     0 | D:1      | 0 ||| qw: Version: 0.3-a-160-g6735b56
     0 | D:1      | 0 ||| qw: Game counter: 6488
     0 | D:1      | 0 ||| qw: Melee chars always use a shield: true
     0 | D:1      | 0 ||| qw: God list: Okawaru
     0 | D:1      | 0 ||| qw: Allow faded altars: false
     0 | D:1      | 0 ||| qw: Do Orc after clearing Dungeon:15 true
     0 | D:1      | 0 ||| qw: Do second Lair branch before Depths: true
     0 | D:1      | 0 ||| qw: Lair rune preference: random
     0 | D:1      | 0 ||| qw: Goals: Normal
     0 | D:1      | 0 ||| PLANNING D:1-11
   191 | D:1      | Reached skill level 3 in Dodging
   237 | D:1      | Reached XP level 2. HP: 14/14 MP: 3/3
   332 | D:1      | 332 ||| READING 2 scrolls labelled LIXEEPPO DEMM.
   333 | D:1      | 333 ||| DROPPING scroll of butterflies.
   334 | D:1      | 334 ||| DROPPING scroll of fog.
   607 | D:1      | 607 ||| READING scroll labelled ZIGUCOARAO.
   897 | D:2      | Reached XP level 3. HP: 18/18 MP: 4/4
  1493 | D:2      | 1493 ||| READING scroll labelled AJOUSH MILUUFI.
  1496 | D:2      | 1496 ||| READING scroll labelled MUQASU SIFAWN.
  1496 | D:2      | 1496 ||| IDENTIFYING silvery potion
  1497 | D:2      | 1497 ||| READING scroll labelled WETHUTET XENUM.
  1497 | D:2      | 1497 ||| ENCHANTING +0 shortbow.
  1543 | D:3      | Reached skill level 5 in Ranged Weapons
  1665 | D:3      | 1665 ||| FLEEEEING.
  1666 | D:3      | 1666 ||| FLEEEEING.
  1667 | D:3      | 1667 ||| FLEEEEING.
  1668 | D:3      | 1668 ||| FLEEEEING.
  1669 | D:3      | 1669 ||| FLEEEEING.
  1670 | D:3      | 1670 ||| FLEEEEING.
  1671 | D:3      | 1671 ||| FLEEEEING.
  1672 | D:3      | 1672 ||| FLEEEEING.
  1673 | D:3      | 1673 ||| FLEEEEING.
  1703 | D:3      | Found a runed translucent door.
  1704 | D:3      | Noticed Crazy Yiuf
  1723 | D:3      | Reached XP level 4. HP: 22/22 MP: 5/5
  1726 | D:3      | Noticed Robin
  1744 | D:3      | HP: 4/22 [goblin/+0 dagger[Robin] (3)]
  1745 | D:3      | HP: 1/22 [goblin/+0 dagger[Robin] (4)]
  1748 | D:3      | Slain by a goblin

Levels and vault maps discovered:
D:1:      dpeg_cavernosity, layout_basic, serial_glass, glass_columns_a,
          glass_columns_a, feat_on_display
D:2:      layout_basic
D:3:      layout_basic, nicolae_overflow_hidden_temple, minmay_strange_pillars,
          uniq_crazy_yiuf_cottage, uniq_robin

Skill      XL: |  1  2  3 |
---------------+----------+-----
Dodging        | 3 4 |  4.5
Ranged Weapons | 5 |  5.0
Fighting       | |  1.5
Stealth        | |  1.5

Action                     |  1- 3 |  4- 6 || total
---------------------------+-------+-------++-------
   Fire: Shortbow          |   115 |    22 ||   137
    Use: Scroll            |     5 |       ||     5
 Armour: Robe              |    12 |    12 ||    24
  Dodge: Dodged            |    32 |    18 ||    50

Table legend:
 A = Non-vault XP
 B = Vault XP
 C = Vault XP percentage of total XP
 D = Non-vault monster count
 E = Vault monster count
 F = Vault count percentage of total count
                 A         B        C        D         E       F
            +---------+---------+-------+---------+---------+-------
      Total |      93 |      23 |  19.8 |      36 |      13 |  26.5
            +---------+---------+-------+---------+---------+-------
        D:1 |      27 |       6 |  18.2 |      14 |       4 |  22.2
        D:2 |      37 |       0 |   0.0 |      14 |       0 |   0.0
        D:3 |      29 |      17 |  37.0 |       8 |       9 |  52.9
            +---------+---------+-------+---------+---------+-------
